 Dungeon Crawl Stone Soup version 0.28-a0-563-gf77a47075d (webtiles) character file.

Game seed: 5620708747707419723

127 olmar the Slasher (level 5, -4/47 HPs)
             Began as a Gnoll Chaos Knight on Sept 30, 2021.
             Was a Plaything of Xom.
             Slain by Grinder (7 damage)
             ... on level 3 of the Dungeon.
             The game lasted 00:02:47 (2575 turns).

olmar the Slasher (Gnoll Chaos Knight)              Turns: 2575, Time: 00:02:48

Health: -4/47      AC:  5    Str: 14    XL:     5   Next: 11%
Magic:  7/7        EV: 12    Int: 14    God:    Xom [..*...]
Gold:   136        SH:  0    Dex: 11    Spells: 6/6 levels left

rFire   . . .      SeeInvis .   a - +0 falchion (chaos)
rCold   . . .      Faith    .   (no shield)
rNeg    . . .      Spirit   .   b - +2 leather armour
rPois   .          Reflect  .   (helmet restricted)
rElec   .          Harm     .   (no cloak)
rCorr   .          Rampage  .   (no gloves)
Will    .....                   (no boots)
Stlth   +.........              (no amulet)
HPRegen 0.15/turn               (no ring)
MPRegen 0.10/turn               (no ring)

@: brilliant
A: fangs 1, strong nose, distributed training, claws 1, horns 1, clever 1,
strong 1
a: Renounce Religion


You were on level 3 of the Dungeon.
You worshipped Xom.
You were a toy of Xom.
You visited 1 branch of the dungeon, and saw 3 of its levels.

You collected 136 gold pieces.

Inventory:

Hand Weapons
 a - a +0 falchion of chaos (weapon)
Armour
 b - a +2 leather armour (worn)
Jewellery
 c - a ring of poison resistance
 f - a ring of ice
 k - a ring of protection from fire
Scrolls
 g - a scroll of enchant armour {unknown}
 h - a scroll of summoning {unknown}
 i - a scroll of magic mapping {unknown}
 j - a scroll of enchant weapon {unknown}
 m - a scroll of vulnerability {unknown}


   Skills:
 + Level 6.6 Fighting
 + Level 1.3 Short Blades
 + Level 6.6 Long Blades
 + Level 1.3 Axes
 + Level 1.3 Maces & Flails
 + Level 1.3 Polearms
 + Level 1.3 Staves
 + Level 1.3 Slings
 + Level 1.3 Bows
 + Level 1.3 Crossbows
 + Level 1.3 Throwing
 + Level 4.7 Armour
 + Level 2.9 Dodging
 + Level 1.3 Stealth
 + Level 1.3 Shields
 + Level 1.3 Unarmed Combat
 + Level 1.3 Spellcasting
 + Level 1.1 Conjurations
 + Level 1.1 Hexes
 + Level 1.1 Summonings
 + Level 1.1 Necromancy
 + Level 1.1 Translocations
 + Level 1.1 Transmutations
 + Level 1.1 Fire Magic
 + Level 1.1 Ice Magic
 + Level 1.1 Air Magic
 + Level 1.1 Earth Magic
 + Level 1.1 Poison Magic
 + Level 1.5 Invocations
 + Level 1.3 Evocations


You had 6 spell levels left.
You didn't know any spells.
Your spell library was empty.

Dungeon Overview and Level Annotations

Branches:
Dungeon (3/15)

Altars:

Shops:
D:2 (

Annotations:
D:3 Grinder


Innate Abilities, Weirdness & Mutations

You have very sharp teeth.
Your uncanny sense of smell can sniff out nearby items.
Your experience applies equally to all skills.
You have sharp fingernails.
You have a pair of small horns on your head.
Your mind is acute. (Int +2)
Your muscles are strong. (Str +2)


Message History

You are too injured to fight recklessly!
You slash Grinder!
Grinder seems to speed up.
Your headbutt misses Grinder.
Grinder is heavily wounded.
Grinder blinks!
Unknown command.
As you read the scroll labelled PICLIR HAMIXT, it crumbles to dust.
The scroll dissolves into smoke.
It was a scroll of fog.
Unknown command.
Unknown command.
Unknown command.
You closely miss Grinder. Your headbutt misses Grinder.
Your bite misses Grinder.
Grinder is heavily wounded.
Grinder says, "I used to sell toenails on the black market."
Grinder hits you but does no damage.
Unknown command.
Unknown command.
You hit Grinder.
Grinder flickers and vanishes!
Deactivating autopickup; reactivate with Ctrl-A.
Xom thinks this is hilarious!
Something barely misses you. Pain shoots through your body!
Unknown command.
Unknown command.
It was a potion of brilliance.
You feel clever all of a sudden. Something hits you but does no damage.
Unknown command.
You aren't carrying any potions.
Unknown command.
You closely miss something. You headbutt something.
Your cleaving frenzy subsides.
Something hits you!
* * * LOW HITPOINT WARNING * * *
You writhe in agony.
* * * LOW HITPOINT WARNING * * *
Unknown command.
As you read the scroll labelled PONUINKE GUDEP, it crumbles to dust.
You assume a fearsome visage.
Nothing appears to happen.
It was a scroll of fear.
Something hits you!
You die...

#######...)#.# #.#
#..#.#.# #.#
#..#.#.# #.#
#..#.#.# #.#
#..#.#.# #.#
#..#.#.#.##.#######
#..#.#.#...§§......
#..#.#.####{§......
#.#..§§@§§......
#############.


There were no monsters in sight!

Vanquished Creatures
  Jessica (D:3)
  3 gnolls (D:2)
  2 adders
  A worm (D:2)
  3 dart slugs
  2 endoplasms
  2 giant cockroaches
  3 goblins (D:2)
  4 hobgoblins
  6 jackals
  2 quokkas
  5 ball pythons (D:1)
  A bat (D:2)
  3 frilled lizards
  2 kobolds
  6 rats
46 creatures vanquished.

Notes
Turn   | Place    | Note
-------+----------+-------------------------------------------
     0 | D:1      | olmar the Gnoll Chaos Knight began the quest for the Orb.
     0 | D:1      | Reached XP level 1. HP: 23/23 MP: 1/1
     6 | D:1      | Noticed a wyvern
     6 | D:1      | Noticed a killer bee
     7 | D:1      | Noticed a polar bear
     7 | D:1      | Noticed a hound
    56 | D:1      | Found a faded altar of an unknown god.
   302 | D:1      | Reached XP level 2. HP: 27/29 MP: 2/2
   689 | D:1      | XOM: silly message
   696 | D:1      | XOM: stat loss: -1 Int (10/11)
   733 | D:1      | Reached XP level 3. HP: 35/35 MP: 3/3
  1001 | D:2      | Reached skill level 1 in Invocations
  1027 | D:2      | XOM: give mutations
  1027 | D:2      | Gained mutation: Your muscles are strong. (Str +2) [Xom's
                  | grace]
  1027 | D:2      | Gained mutation: Your mind is acute. (Int +2) [Xom's grace]
  1027 | D:2      | Gained mutation: You have a pair of small horns on your
                  | head. [Xom's grace]
  1294 | D:2      | Reached skill level 1 in Short Blades
  1294 | D:2      | Reached skill level 1 in Axes
  1294 | D:2      | Reached skill level 1 in Maces & Flails
  1294 | D:2      | Reached skill level 1 in Polearms
  1294 | D:2      | Reached skill level 1 in Staves
  1294 | D:2      | Reached skill level 1 in Slings
  1294 | D:2      | Reached skill level 1 in Bows
  1294 | D:2      | Reached skill level 1 in Crossbows
  1294 | D:2      | Reached skill level 1 in Throwing
  1294 | D:2      | Reached skill level 1 in Stealth
  1294 | D:2      | Reached skill level 1 in Shields
  1294 | D:2      | Reached skill level 1 in Unarmed Combat
  1294 | D:2      | Reached skill level 1 in Spellcasting
  1294 | D:2      | Reached skill level 1 in Evocations
  1488 | D:2      | Reached XP level 4. HP: 41/41 MP: 5/5
  1659 | D:2      | Found Uclum's Weapon Boutique.
  1872 | D:2      | XOM: god gift: scratched golden ring {god gift}
  1991 | D:2      | Reached skill level 1 in Conjurations
  1991 | D:2      | Reached skill level 1 in Hexes
  1991 | D:2      | Reached skill level 1 in Summonings
  1991 | D:2      | Reached skill level 1 in Necromancy
  1991 | D:2      | Reached skill level 1 in Translocations
  1991 | D:2      | Reached skill level 1 in Transmutations
  1991 | D:2      | Reached skill level 1 in Fire Magic
  1991 | D:2      | Reached skill level 1 in Ice Magic
  1991 | D:2      | Reached skill level 1 in Air Magic
  1991 | D:2      | Reached skill level 1 in Earth Magic
  1991 | D:2      | Reached skill level 1 in Poison Magic
  2162 | D:2      | XOM: give mutation
  2162 | D:2      | Gained mutation: You have sharp fingernails. [Xom's grace]
  2240 | D:3      | Noticed Jessica
  2259 | D:3      | XOM: enchant monster (bad)
  2265 | D:3      | Killed Jessica
  2266 | D:3      | Reached XP level 5. HP: 21/47 MP: 5/7
  2471 | D:3      | XOM: noise
  2480 | D:3      | Noticed a shapeshifter
  2480 | D:3      | an orc changed into a shapeshifter
  2480 | D:3      | Noticed a wind drake
  2480 | D:3      | a shapeshifter changed into a wind drake
  2484 | D:3      | XOM: 1-stop teleportation journey
  2556 | D:3      | Noticed Grinder
  2563 | D:3      | XOM: cleaving
  2575 | D:3      | Slain by Grinder

Illustrated notes

Levels and vault maps discovered:
D:1:      onia_arrival_zoo_common, layout_loops_ring, basic_ecumenical_altar,
          minmay_misc_feat_plants, minmay_misc_feat_secret_circle
D:2:      layout_loops_corners, serial_shops, nicolae_shop_waterfront
D:3:      layout_basic, chequers_serial_rivers_room_b, uniq_jessica,
          uniq_grinder

Skill      XL: |  1  2  3  4 |
---------------+-------------+-----
Invocations    | 1 |  1.5
Short Blades   | 1 |  1.3
Axes           | 1 |  1.3
Maces & Flails | 1 |  1.3
Polearms       | 1 |  1.3
Staves         | 1 |  1.3
Slings         | 1 |  1.3
Bows           | 1 |  1.3
Crossbows      | 1 |  1.3
Throwing       | 1 |  1.3
Stealth        | 1 |  1.3
Shields        | 1 |  1.3
Unarmed Combat | 1 |  1.3
Spellcasting   | 1 |  1.3
Evocations     | 1 |  1.3
Conjurations   | 1 |  1.1
Hexes          | 1 |  1.1
Summonings     | 1 |  1.1
Necromancy     | 1 |  1.1
Translocations | 1 |  1.1
Transmutations | 1 |  1.1
Fire Magic     | 1 |  1.1
Ice Magic      | 1 |  1.1
Air Magic      | 1 |  1.1
Earth Magic    | 1 |  1.1
Poison Magic   | 1 |  1.1
Fighting       | |  6.6
Long Blades    | |  6.6
Armour         | |  4.7
Dodging        | |  2.9

Action                   |  1- 3 |  4- 6 || total
-------------------------+-------+-------++-------
Melee: Falchion          |    98 |    69 ||   167
       Bite              |     4 |     4 ||     8
       Headbutt          |     5 |     4 ||     9
  Use: Potion            |       |     4 ||     4
       Scroll            |       |     2 ||     2
 Stab: Sleeping          |     1 |     1 ||     2
Armor: Leather armour    |    29 |    14 ||    43
Dodge: Dodged            |    53 |    37 ||    90

Table legend: (Time is in decaauts)
 A = Elapsed time spent in this place.
 B = Non-inter-level travel time spent in this place.
 C = Inter-level travel time spent in this place.
 D = Time resting spent in this place.
 E = Time spent auto-exploring this place.
 F = Levels seen in this place.
 G = Mean time per level.
                   A        B        C        D        E       F      G
               +--------+--------+--------+--------+--------+-----+--------+
         Total |   2569 |   2494 |     75 |    255 |   1838 |   3 |  856.3 |
       Dungeon |   2569 |   2494 |     75 |    255 |   1838 |   3 |  856.3 |
               +--------+--------+--------+--------+--------+-----+--------+

Top non-repeatable levels by time:
     D:2: 1260 daAuts
     D:1: 920 daAuts
     D:3: 389 daAuts
